 Dungeon Crawl Stone Soup version 0.18.1-50-g88ac8fd (webtiles) character file.

560 lorenzova the Magician (level 7, -1/54 HPs)
             Began as a Merfolk Skald on Oct 17, 2016.
             Was a Follower of Yredelemnul.
             Slain by Natasha (3 damage)
             ... on level 4 of the Dungeon.
             The game lasted 00:12:57 (4604 turns).

lorenzova the Magician (Merfolk Skald)              Turns: 4604, Time: 00:12:59

Health: -1/54      AC:  4    Str: 14    XL:     7   Next: 31%
Magic:  11/14      EV: 13    Int: 12    God:    Yredelemnul [*.....]
Gold:   113        SH:  0    Dex: 13    Spells: 3 memorised, 11 levels left

rFire  . . .     SeeInvis .     e - +0 spear (freeze)
rCold  . . .     Gourm    .     b - +0 leather armour
rNeg   . . .     Faith    .     (no shield)
rPois  .         Spirit   .     (no helmet)
rElec  .         Dismiss  .     (no cloak)
rCorr  +         Reflect  .     (no gloves)
SustAt .         Harm     .     h - +0 pair of boots
MR     .....                    (no amulet)
Stlth  +.........               (no ring)
                                y - ring of resist corrosion

@: lethally poisoned (-1 -> -3), singing (expiring), not resistant to hostile
enchantments, very unstealthy
A: change form in water, swift swim
a: Animate Remains, Renounce Religion, Stop Singing


You were on level 4 of the Dungeon.
You worshipped Yredelemnul.
Yredelemnul was aware of your devotion.
You were very hungry.

You visited 1 branch of the dungeon, and saw 4 of its levels.

You collected 113 gold pieces.

Inventory:

Hand Weapons
 e - a +0 spear of freezing (weapon)
Armour
 b - a +0 leather armour (worn)
 h - a +0 pair of boots (worn)
Jewellery
 g - an uncursed ring of fire
 y - a ring of resist corrosion (left hand)
 z - an uncursed ring of magical power {unknown}
Wands
 o - a wand of lightning (8/15)
Scrolls
 i - 2 scrolls of recharging {unknown}
 k - 4 scrolls of amnesia {unknown}
 m - 2 scrolls of fog {unknown}
 n - 2 scrolls of teleportation {unknown}
 p - a scroll of enchant weapon {unknown}
 q - a scroll of remove curse {unknown}
 r - a scroll of identify
 u - a scroll of noise {unknown}
 v - 2 scrolls of immolation {unknown}
 x - a scroll of blinking {unknown}
Potions
 a - 2 potions of invisibility {unknown}
 j - a potion of heal wounds
 l - 3 potions of curing
 s - 4 potions of brilliance {unknown}
Books
 c - a book of Battle

   Spells                             Type                      Level
   a - Infusion                       Charms                       1
   b - Shroud of Golubria             Charms/Translocation         2
   c - Song of Slaying                Charms                       2
   d - Spectral Weapon                Hexes/Charms                 3
   e - Regeneration                   Charms/Necromancy            3
 w - a book of Maledictions

   Spells                             Type                      Level
   a - Corona                         Hexes                        1
   b - Ensorcelled Hibernation        Hexes/Ice                    2
   c - Confuse                        Hexes                        3
   d - Tukima's Dance                 Hexes                        3
   e - Dazzling Spray                 Conjuration/Hexes            3
Comestibles
 d - a bread ration
 f - 4 meat rations
 t - a royal jelly


   Skills:
 + Level 4.1 Fighting
 - Level 3.0 Polearms
 - Level 0.6 Armour
 + Level 3.4 Dodging
 * Level 5.1 Spellcasting
 + Level 5.1 Charms


You had 11 spell levels left.
You knew the following spells:

 Your Spells              Type           Power        Failure   Level  Hunger
a - Infusion              Chrm           ###.         3%          1    None
b - Song of Slaying       Chrm           ###.....     6%          2    ##.....
c - Shroud of Golubria    Chrm/Tloc      #.........   17%         2    ##.....


Dungeon Overview and Level Annotations

Branches:
Dungeon (4/15)
 Temple: D:4-7

Altars:
Ashenzari
Fedhas
Gozag
Kikubaaqudgha
Nemelex Xobeh
Ru
Xom
Yredelemnul

Annotations:
D:4 Natasha


Message History

You feel sick.
You hit the ogre but do no damage.
The ogre is severely wounded.
The ogre closely misses you.
You hit the ogre. You freeze the ogre.
The ogre is almost dead.
* * * LOW HITPOINT WARNING * * *
You feel sick. The ogre misses you.
You hit the ogre. You freeze the ogre.
The ogre is almost dead.
The crimson imp blinks!
A scorpion comes into view.
You hit the ogre. You freeze the ogre.
You kill the ogre!
Yredelemnul accepts your kill.
Your Spellcasting skill increases to level 5!
* * * LOW HITPOINT WARNING * * *
You feel sick. Natasha claws you.
You die...
Your body rises from the dead as a mindless zombie.

...............#
#...........#
##.......####
##...#### ###5.#
####
##.######..###
#.a##.......###
##h##.........###
#.@............#
##............##
#...........##
#..........####
##.#####s.....#
#######.####.#
#....####.##
#......##..##
##......##...##


You could see a scorpion, a worker ant, Natasha and a crimson imp.

Vanquished Creatures
  An ogre (D:4)
  Blork the orc (D:4)
  A scorpion (D:4)
  A centaur skeleton (D:4)
  An orc priest (D:3)
  Natasha (twice) (D:4)
  2 worker ants (D:4)
  11 adders
  2 oozes
  2 worms
  4 dart slugs
  5 giant geckos
  4 orcs (D:3)
  3 giant cockroaches
  11 goblins
  12 hobgoblins
  6 jackals (D:2)
  8 bats
  A giant newt (D:1)
  8 kobolds
  3 rats
89 creatures vanquished.

Notes
Turn   | Place    | Note
--------------------------------------------------------------
     0 | D:1      | lorenzova the Merfolk Skald began the quest for the Orb.
     0 | D:1      | Reached XP level 1. HP: 16/16 MP: 3/3
   342 | D:1      | Reached XP level 2. HP: 17/22 MP: 5/5
   848 | D:1      | Reached XP level 3. HP: 28/28 MP: 7/7
  1671 | D:2      | Learned a level 2 spell: Song of Slaying
  1674 | D:2      | Learned a level 2 spell: Shroud of Golubria
  1711 | D:2      | Reached XP level 4. HP: 25/34 MP: 3/8
  2546 | D:2      | Found a basalt altar of Yredelemnul.
  2555 | D:2      | Became a worshipper of Yredelemnul the Dark
  2640 | D:2      | Reached XP level 5. HP: 32/41 MP: 4/10
  2967 | D:2      | Found a sacrificial altar of Ru.
  3380 | D:3      | Found a shattered altar of Ashenzari.
  3489 | D:3      | Found an ancient bone altar of Kikubaaqudgha.
  3531 | D:3      | Reached * piety under Yredelemnul
  3576 | D:3      | Reached XP level 6. HP: 47/47 MP: 12/12
  3659 | D:3      | Found an opulent altar of Gozag.
  3662 | D:3      | Found a blossoming altar of Fedhas.
  3665 | D:3      | Found a sparkling altar of Nemelex Xobeh.
  4040 | D:4      | Noticed Natasha
  4048 | D:4      | Killed Natasha
  4121 | D:4      | Noticed Natasha
  4130 | D:4      | Killed Natasha
  4191 | D:4      | Noticed Natasha
  4192 | D:4      | Noticed Blork the orc
  4420 | D:4      | Killed Blork the orc
  4529 | D:4      | Found a shimmering altar of Xom.
  4535 | D:4      | Reached XP level 7. HP: 54/54 MP: 14/14
  4590 | D:4      | Reached skill level 5 in Charms
  4604 | D:4      | Reached skill level 5 in Spellcasting
  4604 | D:4      | HP: 2/54 [poisoned by a scorpion]
  4604 | D:4      | Slain by Natasha

Skill      XL: |  1  2  3  4  5  6  7 |
---------------+----------------------+-----
Spellcasting   | 3 4 5 |  5.1
Fighting       | 3 4 |  4.1
Charms         | 4 5 |  5.1
Dodging        | 2 3 |  3.4
Polearms       | |  3.0
Armour         | |  0.6

Action                   |  1- 3 |  4- 6 |  7- 9 || total
-------------------------+-------+-------+-------++-------
Melee: Spear             |   168 |   269 |    27 ||   464
 Cast: Infusion          |     3 |    10 |     1 ||    14
       Song of Slaying   |       |     2 |     1 ||     3
  Use: Scroll            |       |     4 |       ||     4
 Stab: Sleeping          |     1 |     2 |       ||     3
       Distracted        |     1 |       |       ||     1
  Eat: Chunk             |     3 |     8 |       ||    11
Armor: Leather armour    |    27 |    56 |     1 ||    84
Dodge: Dodged            |    75 |   134 |    14 ||   223
